Map: Efflorescence LE

Players

Raisolution

  • Race: Zerg Zerg
  • Spawn Location: 6:00

Ghostdog

  • Race: Protoss Protoss
  • Spawn Location: 9:00

qqq - Winner!

  • Race: Zerg Zerg
  • Spawn Location: 12:00

Massa - Winner!

  • Race: Terran Terran
  • League: Platinum
  • Spawn Location: 3:00

VOD

Have the link to the VOD?

Description

Time

  • Played on: Nov. 7, 2020, 7:57 a.m.
  • Length: 4:55
Show
View Real Time Build Order
Export as new Build Order

Raisolution Zerg 

Build Orders: Hatch First 

Get SALT Encoding   

  12  0:00  Drone  
  13  0:13  Overlord  
  13  0:20  Drone  
  14  0:31  Drone  
  15  0:48  Hatchery  
  14  0:51  Drone  
  14  0:54  Drone  
  16  1:01  Drone  
  17  1:04  Drone  
  18  1:15  Extractor  
  17  1:19  Spawning Pool  
  17  1:24  Drone  
  17  1:25  Drone  
  18  1:40  Drone  
  19  1:52  Overlord  
  19  2:07  Queen x2  
  23  2:08  Zergling x4  
  23  2:10  Drone  
  27  2:15  Drone  
  27  2:21  Metabolic Boost  
  27  2:23  Drone x2  
  29  2:30  Drone  
  30  2:39  Extractor, Overlord  
  29  2:46  Queen  
  29  2:48  Drone x2  
  33  2:54  Overlord  
  33  3:02  Drone x2  
  35  3:08  Lair  
  35  3:11  Drone  
  36  3:18  Drone x2  
  38  3:27  Drone  
  38  3:28  Drone x3  
  38  3:29  Baneling Nest  
  38  3:33  Drone  
  42  3:44  Drone x2  
  44  3:51  Drone, Overlord  
  44  3:52  Drone x4  
  44  3:55  Extractor x2  
  47  4:10  Spire, Overlord x2  
  46  4:19  Drone  
  46  4:20  Drone x4  
  51  4:24  Overlord  
  51  4:33  Spine Crawler  
  51  4:34  Baneling x2  
  51  4:35  Baneling x2  
Show
View Real Time Build Order
Export as new Build Order

Ghostdog Protoss 

Build Orders:  

Get SALT Encoding   

  12  0:00  Probe  
  13  0:13  Probe  
  14  0:19  Pylon  
  14  0:25  Probe  
  15  0:37  Probe  
  15  0:42  Gateway  
  16  0:49  Probe (Chrono Boost)  
  17  1:01  Probe (Chrono Boost)  
  18  1:07  Probe (Chrono Boost), Assimilator  
  19  1:15  Pylon  
  19  1:17  Probe (Chrono Boost)  
  20  1:19  Assimilator  
  20  1:29  Probe (Chrono Boost)  
  20  1:31  Cybernetics Core  
  21  1:41  Probe  
  21  1:53  Probe  
  22  2:03  Nexus  
  22  2:05  Probe  
  23  2:13  Stalker (Chrono Boost)  
  23  2:17  Probe  
  26  2:36  Shield Battery  
  26  2:42  Probe  
  27  2:50  Pylon  
  27  2:54  Probe  
  27  2:55  Twilight Council  
  28  3:02  Stalker  
  30  3:06  Probe, Warp Gate  
  31  3:15  Probe (Chrono Boost)  
  31  3:18  Pylon  
  33  3:24  Probe (Chrono Boost)  
  33  3:26  Probe (Chrono Boost)  
  34  3:32  Probe (Chrono Boost), Stalker  
  37  3:41  Probe  
  38  3:43  Probe  
  39  3:57  Gateway  
  39  4:00  Probe x2  
  41  4:04  Stalker  
  43  4:24  Probe  
  43  4:25  Probe  
Show
View Real Time Build Order
Export as new Build Order

qqq Zerg - Winner!

Build Orders: Hatch First 

Get SALT Encoding   

  12  0:00  Drone  
  13  0:08  Drone  
  14  0:40  Hatchery  
  13  0:45  Drone  
  14  1:04  Spawning Pool  
  14  1:05  Overlord  
  13  1:14  Drone  
  14  1:19  Extractor  
  14  1:21  Drone  
  14  1:34  Drone x2  
  16  1:53  Drone x2  
  18  1:54  Queen  
  18  1:57  Drone  
  21  2:21  Drone x2  
  23  2:23  Drone, Queen  
  23  2:25  Drone  
  27  2:32  Overlord  
  27  2:39  Metabolic Boost  
  27  2:43  Drone  
  28  2:49  Overlord  
  28  2:54  Zergling x2  
  28  2:55  Zergling x2  
  30  3:00  Evolution Chamber  
  30  3:03  Zergling x2  
  30  3:05  Drone  
  31  3:07  Zergling x2  
  31  3:12  Overlord  
  32  3:15  Zergling x2  
  32  3:18  Zergling x2  
  34  3:21  Zergling x2  
  34  3:23  Zergling x2  
  36  3:31  Zergling x2  
  36  3:33  Zergling x2  
  38  3:41  Zergling x6  
  40  3:43  Zergling x2  
  42  3:52  Lair  
  42  3:58  Zergling x2  
  42  3:59  Zergling x2  
  42  4:00  Drone  
  42  4:01  Zergling x2  
  46  4:06  Overlord  
  46  4:21  Zergling x8  
Show
View Real Time Build Order
Export as new Build Order

Massa Terran - Winner!

Build Orders:  

Get SALT Encoding   

  12  0:00  SCV  
  13  0:12  SCV  
  14  0:17  Supply Depot  
  14  0:24  SCV  
  15  0:39  SCV  
  15  0:40  Barracks  
  16  0:47  Supply Depot  
  16  0:51  SCV  
  17  1:02  Refinery  
  17  1:03  SCV  
  18  1:15  SCV  
  19  1:21  Barracks  
  19  1:27  Marine  
  19  1:32  Orbital Command  
  20  1:43  Barracks  
  20  1:47  Barracks Tech Lab  
  20  1:58  SCV  
  21  2:05  Barracks  
  21  2:09  Marine  
  21  2:10  Marine  
  23  2:17  Stimpack  
  23  2:25  SCV  
  23  2:27  Marine  
  23  2:28  Marine  
  26  2:30  Marine  
  27  2:45  Marine  
  27  2:46  Marauder  
  27  2:48  Marine, Supply Depot  
  27  2:51  Supply Depot  
  31  3:06  Barracks Tech Lab  
  31  3:09  Marine  
  31  3:10  Marauder, Marine  
  35  3:26  Marauder  
  37  3:27  Marine x2  
  37  3:28  Concussive Shells  
  37  3:31  Marauder  
  41  3:45  Marine x2  
  41  3:47  Marauder  
  45  3:52  Marauder  
  47  3:55  Supply Depot  
  47  4:01  Supply Depot  
  47  4:09  Barracks Reactor  
  47  4:17  Marauder x2, Marine  
  52  4:34  Marine  
Tags
 
Add a new tag
Caveats
  • Supply blocks, unpowered buildings, or Contaminate may cause inaccurate times.
  • Supply counts are checked every 10 seconds.